 Dungeon Crawl Stone Soup version 0.31-a0-263-ge8cad7f256 (webtiles) character file.

Game seed: 13902542971053252449

46 lunkers the Insei (level 4, 0/36 HPs)
             Began as a Meteoran Shapeshifter on July 13, 2023.
             Slain by an orc wizard
             ... wielding a +0 dagger
              (4 damage)
             ... on level 2 of the Dungeon.
             The game lasted 00:01:07 (1084 turns).

lunkers the Insei (Meteoran Shapeshifter)           Turns: 1084, Time: 00:01:07

Health: 0/36       AC:  2    Str: 16    XL:     4   Next: 13%
Magic:  5/5        EV: 12    Int: 10    God:
Gold:   84         SH:  0    Dex: 16    Spells: 3/3 levels left

rFire   . .          .
                       - Unarmed
rCold   . . .        (no shield)
rNeg    . . .        a - +0 animal skin
rPois   .            (helmet currently unavailable)
rElec   .            (cloak currently unavailable)
rCorr   .            (gloves currently unavailable)
SInv    .            (boots currently unavailable)
Will    .....        (no amulet)
Stlth   +            (no ring)
HPRegen 0.26/turn    (no ring)
MPRegen 0.09/turn

%: no passive effects
@: beast-form, glowing
A: beast (slay +2), sense surroundings 1, otherworldly, glowing, explore regen
a: Begin Untransformation


You were on level 2 of the Dungeon.
You were a hulking beast.
You visited 1 branch of the dungeon, and saw 3 of its levels.

You collected 84 gold pieces.

Inventory:

Armour
 a - a +0 animal skin (worn)
Talismans
 c - a beast talisman
Scrolls
 d - a scroll of silence {unknown}
Potions
 b - a potion of lignification


   Skills:
 - Level 2.1 Fighting
 - Level 2.4 Dodging
 + Level 4.7 Unarmed Combat
 - Level 3.6 Shapeshifting


You had 3 spell levels left.
You didn't know any spells.
Your spell library was empty.

Dungeon Overview and Level Annotations

Branches:
Dungeon (3/15) Zot: 721

Altars:

Shops:
D:1 !


Innate Abilities, Weirdness & Mutations

You are a hulking beast.
Your limbs bulge with bestial killing power. (Slay +2)
You passively map a small area around you.
You are easily found by Zot.
You glow in the dark.
You regain HP and MP as you explore.


Message History

An orc comes into view. It is wielding a +0 whip.
You hit the orc.
You kill the orc!
The orc barely misses you.
An orc comes into view. It is wielding a +0 trident.
Unknown command.
The orc hits you from afar with a +0 trident.
* * * LOW HITPOINT WARNING * * *
There is a stone staircase leading up here.
You hit the orc.
The orc is heavily wounded.
The orc barely misses you.
You barely miss the orc.
The orc is heavily wounded.
The orc hits you from afar with a +0 trident.
* * * LOW HITPOINT WARNING * * *
The orc hits you with a +0 whip.
* * * LOW HITPOINT WARNING * * *
The orc hits you from afar with a +0 trident.
* * * LOW HITPOINT WARNING * * *
The orc misses you.
The orc wizard mumbles some strange words.
The orc wizard flickers and vanishes!
Deactivating autopickup; reactivate with Ctrl-A.
You climb upwards.
Reactivating autopickup.
There is a stone staircase leading down here.
Unknown command.
Unknown command.
Unknown command.
Unknown command.
You punch the orc!
You kill the orc!
Something barely misses you.
You see here a +0 whip.
Something hits you.
* * * LOW HITPOINT WARNING * * *
Deactivating autopickup; reactivate with Ctrl-A.
You miss something. Something hits you.
You die...

####.........##......
##.......#..#....#
#...#.รท...##......
#.####.#.#####.#.#
#.# #.#.## #.#.## #.#
#.#.## #.#.## #.#
##.#.#####.#.# #.#
#....#.##....#
#h###.....##....).
#{#......#..#....#
###>#.......##......
#.....##.#.#####.#.#
#.....#.#.## #.#.##
#.......#.## #.#.##
#.....##.#.#####.#.#
#..........#.##....#
######......##......


There were no monsters in sight!

Vanquished Creatures
  An adder (D:2)
  2 orcs
  4 bats
  3 endoplasms (D:2)
  2 giant cockroaches (D:2)
  2 goblins (D:2)
  A hobgoblin (D:1)
  2 jackals (D:2)
  5 kobolds
  2 quokkas
  3 ball pythons
  2 frilled lizards
  3 rats
32 creatures vanquished.

Notes
Turn   | Place    | Note
-------+----------+-------------------------------------------
     0 | D:1      | lunkers the Meteoran Shapeshifter began the quest for the
                  | Orb.
     0 | D:1      | Reached XP level 1. HP: 17/17 MP: 2/2
    64 | D:1      | Found Toaz's Distillery.
   141 | D:1      | Reached skill level 3 in Unarmed Combat
   141 | D:1      | Reached XP level 2. HP: 18/24 MP: 3/3
   562 | D:2      | Reached XP level 3. HP: 29/29 MP: 4/4
   625 | D:2      | Reached skill level 4 in Unarmed Combat
   998 | D:2      | Reached XP level 4. HP: 29/36 MP: 5/5
  1084 | D:2      | Slain by an orc wizard

Illustrated notes

Levels and vault maps discovered:
D:1:      nagdon_arrival_double_spiral, layout_basic, serial_shops,
          nicolae_shop_crystal
D:2:      layout_loops_corners, grunt_ministairs_15,
          nicolae_houndstooth_variations
D:3:      layout_loops_ring, tgw_sif, serial_shops, shop,
          nicolae_shop_back_alley_shop, shop, shop, shop

Skill      XL: |  1  2  3 |
---------------+----------+-----
Unarmed Combat | 3 4 |  4.7
Fighting       | |  2.1
Dodging        | |  2.4
Shapeshifting  | |  3.6

Action                     |  1- 3 |  4- 6 || total
---------------------------+-------+-------++-------
  Melee: Unarmed           |    82 |    11 ||    93
         Punch             |     3 |       ||     3
 Armour: Animal skin       |    24 |       ||    24
  Dodge: Dodged            |    52 |     5 ||    57

Table legend: (Time is in decaauts)
 A = Elapsed time spent in this place.
 B = Non-inter-level travel time spent in this place.
 C = Inter-level travel time spent in this place.
 D = Time resting spent in this place.
 E = Time spent auto-exploring this place.
 F = Levels seen in this place.
 G = Mean time per level.
                   A        B        C        D        E       F      G
               +--------+--------+--------+--------+--------+-----+--------+
         Total |   1077 |   1010 |     67 |      0 |    816 |   3 |  359.0 |
       Dungeon |   1077 |   1010 |     67 |      0 |    816 |   3 |  359.0 |
               +--------+--------+--------+--------+--------+-----+--------+

Top non-repeatable levels by time:
     D:2: 714 daAuts
     D:1: 350 daAuts
     D:3: 13 daAuts
